 Dungeon Crawl Stone Soup version 0.28.0-45-g0d030f2227 (webtiles) character file.

Game seed: 2413445446403020020

3 AnnaDunkelherz the Digger (level 1, -1/11 HPs)
             Began as an Octopode Earth Elementalist on Apr 17, 2022.
             Slain by a kobold
             ... wielding a +2 short sword of speed
              (6 damage)
             ... on level 1 of the Dungeon.
             The game lasted 00:00:55 (71 turns).

AnnaDunkelherz the Digger (OpEE)                      Turns: 71, Time: 00:00:57

Health: -1/11      AC:  1    Str:  7    XL:     1   Next: 50%
Magic:  3/3        EV: 10    Int: 17    God:
Gold:   0          SH:  0    Dex: 12    Spells: 3/4 levels left

rFire   . . .      SeeInvis .   a - +0 trident
rCold   . . .      Faith    .   (no shield)
rNeg    . . .      Spirit   .   (helmet restricted)
rPois   .          Reflect  .   (no amulet)
rElec   .          Harm     .   (no ring)
rCorr   .          Rampage  .   (no ring)
Will    .....                   (no ring)
Stlth   +++.......              (no ring)
HPRegen 0.03/turn               (no ring)
MPRegen 0.08/turn               (no ring)
                                (no ring)
                                (no ring)

@: constricted
A: almost no armour, amphibious, 8 rings, camouflage 1, gelatinous body 1,
(nimble swimmer 1), tentacles
a: no special abilities


You were on level 1 of the Dungeon.
You visited 1 branch of the dungeon, and saw 1 of its levels.

Inventory:

Hand Weapons
 a - a +0 trident (weapon)
 c - a +0 club
Missiles
 b - 30 stones


   Skills:
 + Level 2.0 Dodging
 + Level 2.6 Stealth
 + Level 2.0 Spellcasting
 + Level 1.0 Transmutations
 + Level 3.2 Earth Magic


You had 3 spell levels left.
You knew the following spells:

 Your Spells              Type           Power      Damage    Failure   Level
a - Sandblast             Erth           24%        2d8       5%          1

Your spell library contained the following spells:

 Spells                   Type           Power      Damage    Failure   Level
 Passwall                 Tmut/Erth      6%         N/A       12%         2
 Stone Arrow              Conj/Erth      14%        3d7       30%         3
 Petrify                  Tmut/Erth      8%         N/A       63%         4


Dungeon Overview and Level Annotations

Branches:
Dungeon (1/15)

Altars:


Innate Abilities, Weirdness & Mutations

You cannot wear most types of armour.
You are amphibious.
You can wear up to eight rings at the same time.
Your skin changes colour to match your surroundings (Stealth+).
Your rubbery body absorbs attacks. (AC +1, EV +1)
((You are camouflaged when in or above water. (Stealth+)))
You have tentacles for arms and can constrict up to eight enemies at once.


Message History

The goblin is moderately wounded.
You constrict the goblin.
You kill the goblin!
A dart slug comes into view.
You see here a +0 club.
c - a +0 club
Found a stone staircase leading down.
You hit the dart slug but do no damage. You grab the dart slug.
You squeeze the dart slug.
The dart slug is severely wounded.
You constrict the dart slug, but do no damage.
The dart slug bites you but does no damage.
You hit the dart slug.
You kill the dart slug!
You see here a dart slug corpse.
There are no objects that can be picked up here. a dart slug corpse A kobold comes into view.
It is wielding a +2 short sword of speed.
A ball python comes into view.
The ball python hisses angrily.
The kobold shouts!
The kobold throws a stone.
The stone hits you. The ball python completely misses you.
The ball python barely misses you.
The kobold throws a stone.
The stone closely misses you. The ball python closely misses you. x2
The kobold closely misses you.
The kobold hits you with a +2 short sword of speed.
You closely miss the kobold. You grab the kobold.
You constrict the kobold, but do no damage.
The ball python misses you. The ball python closely misses you.
The kobold closely misses you. The ball python barely misses you. x2
The kobold barely misses you.
You hit the kobold. Your squeeze misses the kobold.
The kobold is severely wounded.
You constrict the kobold, but do no damage.
The kobold closely misses you. The ball python barely misses you.
The ball python grabs you. The ball python constricts you.
The kobold hits you with a +2 short sword of speed.
Ouch! That really hurt!
You die...

### ##### ..###### #...
..#....###.###########.#
...............S@K......
.....#.###.###.#########
..####.# #.# #...
..####.. ..# ####.#
....######## # †.......
....#### #####


You could see a ball python and a kobold.

Vanquished Creatures
  A dart slug (D:1)
  A goblin (D:1)
2 creatures vanquished.

Notes
Turn   | Place    | Note
-------+----------+-------------------------------------------
     0 | D:1      | AnnaDunkelherz the Octopode Earth Elementalist began the
                  | quest for the Orb.
     0 | D:1      | Reached XP level 1. HP: 11/11 MP: 3/3
    71 | D:1      | Slain by a kobold

Illustrated notes

Levels and vault maps discovered:
D:1:      eino_arrival_cavern_a, layout_basic, kennysheep_minor_cross

Action                   || total
-------------------------++-------
Melee: Trident           ||     6
       Constrict         ||     3
       Tentacles         ||     1
Armor: Skin              ||     1
Dodge: Dodged            ||    15
